 Dungeon Crawl Stone Soup version 0.18-a0-1589-g520a787 (webtiles) character file.

539 Geeful the Changer (level 7, -2/43 HPs)
             Began as an Octopode Transmuter on Mar 19, 2016.
             Was an Initiate of Gozag.
             Slain by a phantom (5 damage)
             ... on level 5 of the Dungeon.
             The game lasted 00:15:16 (4948 turns).

Geeful the Changer (Octopode Transmuter)            Turns: 4948, Time: 00:15:17

Health: -2/43      AC:  3    Str: 11    XL:     7   Next: 26%
Magic:  23/23      EV: 12    Int: 15    God:    Gozag
Gold:   720        SH:  0    Dex: 15    Spells: 1 memorised, 13 levels left

rFire  . . .     SeeInvis .     h - +0 dagger (holy)
rCold  . . .     Gourm    .     (no shield)
rNeg   . . .     Faith    .     (helmet restricted)
rPois  .         Spirit   .     l - amulet of rage
rElec  .         Dismiss  .     j - ring of sustain attributes
rCorr  .         Reflect  .     k - ring of magical power
SustAt +         Harm     .     (no ring)
MR     .....                    (no ring)
Stlth  ++........               (no ring)
                                (no ring)
                                (no ring)
                                (no ring)

@: not resistant to hostile enchantments, unstealthy
A: almost no armour, amphibious, 8 rings, constrict 8, tentacle spike 1, thin
metallic scales 1, camouflage 1, strong 1, gelatinous body 1
a: Potion Petition, Call Merchant, Bribe Branch, Renounce Religion, Evoke
Berserk Rage


You were on level 5 of the Dungeon.
You worshipped Gozag.
Gozag was noncommittal.
You were hungry.

You visited 1 branch of the dungeon, and saw 5 of its levels.
You also visited: Sewer.

You collected 750 gold pieces.
You paid 30 gold pieces to Gozag.

Inventory:

Hand Weapons
 f - a +0 dagger
 h - a +0 dagger of holy wrath (weapon)
 i - a +0 vampiric whip
Missiles
 a - 47 arrows
 c - 24 poisoned needles
 q - 11 arrows of flame
 w - 11 arrows of frost
Jewellery
 j - a ring of sustain attributes (left tentacle)
 k - a ring of magical power (right tentacle)
 l - an amulet of rage (around mantle)
Wands
 d - a wand of paralysis (13/24)
 p - a wand of paralysis (17/24)
 t - a wand of flame (44/48)
Scrolls
 e - 2 scrolls of blinking
 y - a scroll of amnesia
 z - a scroll of fog
Potions
 m - 2 potions of flight {unknown}
 o - 2 potions of curing
Books
 b - a book of Changes

   Spells                             Type                      Level
   a - Beastly Appendage              Transmutation                1
   b - Sticks to Snakes               Transmutation                2
   c - Spider Form                    Transmutation/Poison         3
   d - Ice Form                       Ice/Transmutation            4
   e - Blade Hands                    Transmutation                5
Comestibles
 g - 5 meat rations
 n - 3 bread rations
 x - 7 fruits


   Skills:
 - Level 1.0 Fighting
 - Level 2.0 Dodging
 - Level 3.0 Unarmed Combat
 + Level 5.1 Spellcasting
 + Level 5.6 Transmutations


You had 13 spell levels left.
You knew the following spells:

 Your Spells              Type           Power        Failure   Level  Hunger
b - Spider Form           Trmt/Pois      ##........   17%         3    ###....


Dungeon Overview and Level Annotations

Branches:
Dungeon (5/15)
 Temple: D:4-7

Altars:
Elyvilon
Gozag
Trog
Yredelemnul


Innate Abilities, Weirdness & Mutations

You cannot wear most types of armour.
You are amphibious.
You can wear up to eight rings at the same time.
You can use your tentacles to constrict eight enemies at once.
Your skin changes colour to match your surroundings (Stealth).
Your rubbery body absorbs attacks (AC +1).
One of your tentacles bears a spike.
You are partially covered in thin metallic scales (AC +2).
Your muscles are strong. (Str +2)


Message History

You are too injured to fight recklessly!
A worker ant comes into view.
The worker ant twitches its antennae in your direction.
You hit the phantom but do no damage.
You pierce the phantom, but do no damage.
You squeeze the phantom.
The phantom is almost destroyed.
The phantom hits you!
* * * LOW HITPOINT WARNING * * *
You hit the phantom.
The phantom convulses.
You pierce the phantom, but do no damage.
Your squeeze misses the phantom.
The phantom is almost destroyed.
The phantom misses you.
You closely miss the phantom.
You pierce the phantom, but do no damage.
The phantom is almost destroyed.
The phantom hits you.
You die...
Your body crumbles into a pile of gold.

##...#####.##.#
#.............#
#....#####.#..#####
....#.##
##.#....... #####.#
#......### #.#
#......# #+#
#.##...### #.
#.....# #. ##.@#$#
#. #aW#.# #. #...#
# ...... $ ###.>.#.
##.## ##


You could see a phantom and a worker ant.

Vanquished Creatures
  A centaur (D:5)
  A big kobold (Sewer)
  A howler monkey (D:5)
  2 hounds
  An orc wizard (D:4)
  Ijyb (D:3)
  An iguana (D:5)
  A hound zombie (D:4)
  7 adders
  2 river rats
  An ooze (D:5)
  2 worms (D:2)
  A dart slug (D:1)
  3 giant geckos
  6 orcs
  5 ball pythons
  6 bats
  5 giant cockroaches
  8 goblins
  5 hobgoblins
  5 jackals
  7 quokkas
  4 giant newts
  7 kobolds
  18 rats
101 creatures vanquished.

Notes
Turn   | Place    | Note
--------------------------------------------------------------
     0 | D:1      | Geeful the Octopode Transmuter began the quest for the Orb.
     0 | D:1      | Reached XP level 1. HP: 13/13 MP: 3/3
     0 | D:1      | Noticed an elf
     0 | D:1      | Noticed a gargoyle
     2 | D:1      | Noticed a dwarf
     6 | D:1      | Noticed a spriggan
    14 | D:1      | Noticed a spriggan
    14 | D:1      | Noticed an elf
    16 | D:1      | Noticed an ogre
   144 | D:1      | Reached XP level 2. HP: 13/18 MP: 5/5
   826 | D:2      | Found an opulent altar of Gozag.
   845 | D:2      | Became a worshipper of Gozag Ym Sagoz the Greedy
   926 | D:2      | Reached XP level 3. HP: 12/23 MP: 6/6
  1598 | D:2      | Reached XP level 4. HP: 24/28 MP: 8/8
  1892 | D:3      | Found a basalt altar of Yredelemnul.
  2101 | D:3      | Learned a level 3 spell: Spider Form
  2185 | D:3      | Noticed Ijyb
  2197 | D:3      | Killed Ijyb
  2221 | D:3      | Reached XP level 5. HP: 25/33 MP: 10/10
  2758 | D:4      | Found a basalt altar of Yredelemnul.
  3247 | D:4      | Reached XP level 6. HP: 25/38 MP: 12/12
  3410 | D:4      | Found a bloodstained altar of Trog.
  3550 | D:4      | Noticed a phantom
  3884 | D:3      | Gained mutation: Your muscles are strong. (Str +2) [potion of mutation]
  3884 | D:3      | Gained mutation: You are partially covered in thin metallic scales (AC +2). [potion of mutation]
  3884 | D:3      | Gained mutation: One of your tentacles bears a spike. [potion of mutation]
  4070 | D:5      | Entered Level 5 of the Dungeon
  4123 | D:5      | Found a glowing drain.
  4141 | Sewer    | Entered a sewer
  4263 | Sewer    | Reached skill level 5 in Transmutations
  4315 | Sewer    | Found a white marble altar of Elyvilon.
  4432 | D:5      | Reached XP level 7. HP: 9/43 MP: 14/14
  4721 | D:5      | Reached skill level 5 in Spellcasting
  4775 | D:5      | Found a white marble altar of Elyvilon.
  4946 | D:5      | HP: 2/43 [phantom (7)]
  4948 | D:5      | Slain by a phantom

Vault maps used:
D:1:      shiori_arrival_whats_in_store_for_you, minmay_crystal_water,
          dk_noncrumbling_3, glass_columns_c
D:2:      grunt_gozag_breadcrumbs
D:3:      lemuel_crystal_altar, bh_chokoban, uniq_iyjb
D:4:      lemuel_crystal_altar, first_bread, yredelemnul_altar_generic
D:5:      elyvilon_altar_4, portal_sewer_entry_e, uniq_crazy_yiuf_cottage
Sewer:    sewer_kobolds

Skill      XL: |  1  2  3  4  5  6  7 |
---------------+----------------------+-----
Transmutations | 3 4 5 |  5.6
Spellcasting   | 3 4 5 |  5.1
Fighting       | |  1.0
Dodging        | |  2.0
Unarmed Combat | |  3.0

Action                   |  1- 3 |  4- 6 |  7- 9 || total
-------------------------+-------+-------+-------++-------
Melee: Dagger            |    35 |       |    11 ||    46
       Unarmed           |     2 |    92 |       ||    94
       Whip              |    60 |    94 |    22 ||   176
 Cast: Spider Form       |       |    12 |       ||    12
Invok: Potion Petition   |     1 |       |       ||     1
  Use: Scroll            |     3 |     6 |       ||     9
       Potion            |       |     6 |       ||     6
 Stab: Sleeping          |     5 |     3 |     1 ||     9
       Distracted        |     1 |     2 |       ||     3
  Eat: Bread ration      |     1 |     1 |       ||     2
       Meat ration       |     1 |       |       ||     1
       Fruit             |       |     2 |     3 ||     5
